 Dungeon Crawl Stone Soup version 0.32-a0-40-g2adb59ae06 (webtiles) character file.

Game seed: 2960853613427567188

7 cforsyth the Magician (level 2, -2/22 HPs)
             Began as a Djinni Enchanter on Jan 25, 2024.
             Frozen to death by an endoplasm (4 damage)
             ... on level 1 of the Dungeon.
             The game lasted 00:00:21 (178 turns).

cforsyth the Magician (Djinni Enchanter)             Turns: 178, Time: 00:00:22

Health: -2/22      AC:  2    Str:  7    XL:     2   Next: 10%
Gold:   0          EV: 12    Int: 16    God:
                   SH:  0    Dex: 13

rFire   + + .        a - +1 dagger
rCold   x . .        (no shield)
rNeg    . . .        b - +0 robe
rPois   ∞            (no helmet)
rElec   .            (no cloak)
rCorr   .            (no gloves)
SInv    .            (boots unavailable)
Will    .....        d - amulet of the acrobat
Stlth   ++           (no ring)
HPRegen 0.23/turn    (no ring)
MPRegen 0.00/turn

%: acrobat, infuse magic (-3 HP)
@: flying
A: sickness immunity, fire resistance 2, cold vulnerability 1, float, innate
caster, HP casting, extra vitality 1
a: no special abilities


You were on level 1 of the Dungeon.
You visited 1 branch of the dungeon, and saw 1 of its levels.

Inventory:

Hand Weapons
 a - a +1 dagger (weapon)
Armour
 b - a +0 robe (worn)
Jewellery
 d - an amulet of the acrobat (around neck)
Potions
 c - 2 potions of invisibility
 e - a potion of might {unknown}


   Skills:
 + Level 0.9 Fighting
 - Level 0.8 Short Blades
 - Level 2.1 Dodging
 - Level 2.4 Stealth
 + Level 3.1 Spellcasting
 + Level 3.1 Conjurations
 + Level 3.1 Hexes
 + Level 3.1 Summonings
 + Level 3.1 Necromancy
 + Level 3.1 Translocations
 + Level 3.1 Fire Magic
 + Level 3.1 Ice Magic
 + Level 3.1 Air Magic
 + Level 3.1 Earth Magic
 + Level 3.1 Alchemy


You knew the following spells:

 Your Spells              Type           Power      Damage    Failure   Level
a - Ensorcelled Hibernat  Hex/Ice        24%        N/A       8%          2
b - Confusing Touch       Hex            12%        N/A       16%         3
c - Tukima's Dance        Hex            12%        N/A       16%         3
d - Dazzling Flash        Conj/Hex       24%        N/A       16%         3
Your spell library was empty.

Dungeon Overview and Level Annotations

Branches:
Dungeon (1/15)

Altars:


Innate Abilities, Weirdness & Mutations

You are immune to sickness and miasma.
You are immune to poison.
Your flesh is very heat resistant. (rF++)
You are vulnerable to cold. (rC-)
You float through the air rather than walking.
You learn spells naturally, not from books.
Your magical power is your life essence.
You have superior vitality. (+4 MHP)


Message History

You closely miss the hobgoblin.
The hobgoblin is almost dead.
The hobgoblin barely misses you.
You hit the hobgoblin.
You kill the hobgoblin!
You see here a hobgoblin corpse.
The endoplasm closely misses you.
You hit the endoplasm but do no damage. The endoplasm freezes you.
You are frozen!
You feel a terrible chill!
You hit the endoplasm but do no damage. The endoplasm barely misses you.
You hit the endoplasm.
The endoplasm is lightly wounded.
The endoplasm freezes you.
You are frozen!
You feel a terrible chill!
* * * LOW HITPOINT WARNING * * *
You are too injured to fight recklessly!
You are too injured to fight recklessly!
You are too injured to fight recklessly!
You are too injured to fight recklessly!
You are too injured to fight recklessly!
You are too injured to fight recklessly!
You are too injured to fight recklessly!
Cast which spell? (? or * to list)
Aiming: Ensorcelled Hibernation (safe; 8% risk of failure)
Press: ? - help, Shift-Dir - straight line, f - endoplasm
Aim: an endoplasm (chance to affect: 63%)
The endoplasm resists with significant effort.
* * * LOW HITPOINT WARNING * * *
The endoplasm barely misses you.
Casting: Ensorcelled Hibernation (safe; 8% risk of failure)
Confirm with . or Enter, or press ? or * to list all spells.
Aiming: Ensorcelled Hibernation (safe; 8% risk of failure)
Press: ? - help, Shift-Dir - straight line, f/p - endoplasm
Aim: an endoplasm (chance to affect: 63%)
The endoplasm resists with significant effort.
* * * LOW HITPOINT WARNING * * *
The endoplasm freezes you.
You are frozen.
You feel a terrible chill!
You die...

#...# ....
#...# ..... ..
+...#...... ...
#...#......
....#...#......
....#...#......
#....J...#
#..(.@...#
#........#
#....†...#
#........#
..........
#........#
#..........
#........#
#..........
#........#
...........
#........#
#.........
####'#####
#.........


You could see an endoplasm.

Vanquished Creatures
  2 hobgoblins (D:1)
  A kobold (D:1)
  A quokka (D:1)
  A goblin (D:1)
  2 rats (D:1)
7 creatures vanquished.

Notes
Turn   | Place    | Note
-------+----------+-------------------------------------------
     0 | D:1      | cforsyth the Djinni Enchanter began the quest for the Orb.
     0 | D:1      | cforsyth set off with the following spells memorised:
                  | Ensorcelled Hibernation, Confusing Touch, Tukima's Dance,
                  | Dazzling Flash.
     0 | D:1      | Reached XP level 1. HP: 15/15 MP: 0/0
   124 | D:1      | Reached XP level 2. HP: 20/22 MP: 0/0
   178 | D:1      | Frozen to death by an endoplasm

Illustrated notes

Levels and vault maps discovered:
D:1:      pf_arrival_petrified_forest, layout_basic, serial_shops, shop,
          minmay_fountain_box

Skill      XL: |  1 |
---------------+----+-----
Spellcasting   | 3 |  3.1
Conjurations   | 3 |  3.1
Hexes          | 3 |  3.1
Summonings     | 3 |  3.1
Necromancy     | 3 |  3.1
Translocations | 3 |  3.1
Fire Magic     | 3 |  3.1
Ice Magic      | 3 |  3.1
Air Magic      | 3 |  3.1
Earth Magic    | 3 |  3.1
Alchemy        | 3 |  3.1
Fighting       | |  0.9
Short Blades   | |  0.8
Dodging        | |  2.1
Stealth        | |  2.4

Action                     || total
---------------------------++-------
  Melee: Dagger            ||    31
   Cast: Ensorcelled Hiber ||     2
 Armour: Robe              ||     8
  Dodge: Dodged            ||    16

Table legend: (Time is in decaauts)
 A = Elapsed time spent in this place.
 B = Non-inter-level travel time spent in this place.
 C = Inter-level travel time spent in this place.
 D = Time resting spent in this place.
 E = Time spent auto-exploring this place.
 F = Levels seen in this place.
 G = Mean time per level.
                   A        B        C        D        E       F      G
               +--------+--------+--------+--------+--------+-----+--------+
         Total |    176 |    176 |      0 |      0 |    110 |   1 |  176.0 |
       Dungeon |    176 |    176 |      0 |      0 |    110 |   1 |  176.0 |
               +--------+--------+--------+--------+--------+-----+--------+

Top non-repeatable levels by time:
     D:1: 176 daAuts
